 Dungeon Crawl Stone Soup version 0.31-a0-18-gea43df2a32 (webtiles) character file.

Game seed: 14315934636768124225

261 Mickster the Trooper (level 6, -7/66 HPs)
             Began as an Ogre Berserker on May 10, 2023.
             Was a Believer of Trog.
             Splashed by a jelly's acid (8 damage)
             ... on level 5 of the Dungeon.
             The game lasted 00:18:51 (2837 turns).

Mickster the Trooper (Ogre Berserker)               Turns: 2837, Time: 00:18:52

Health: -7/66      AC: -13   Str: 24    XL:     6   Next: 18%
Magic:  6/6        EV: 10    Int:  8    God:    Trog [**....]
Gold:   113        SH:  0    Dex:  8    Spells: 5/5 levels left

rFire   . . .        k - +1 falchion (elec)
rCold   . . .        (no shield)
rNeg    . . .        b - +0 animal skin
rPois   .            (helmet restricted)
rElec   .            (no cloak)
rCorr   .            (gloves unavailable)
SInv    .            (boots unavailable)
Will    .....        (no amulet)
Stlth   +            (no ring)
HPRegen 0.31/turn    (no ring)
MPRegen 0.10/turn

%: no passive effects
@: corroded
A: large, unfitting armour, tough skin 1
a: Renounce Religion, Berserk, Trog's Hand


You were on level 5 of the Dungeon.
You worshipped Trog.
Trog was pleased with you.
You visited 1 branch of the dungeon, and saw 5 of its levels.

You collected 113 gold pieces.

Inventory:

Hand Weapons
 a - a +0 hand axe
 c - a +0 vampiric dagger
 j - a +0 morningstar
 k - a +1 falchion of electrocution (weapon)
Missiles
 f - 24 stones
 o - a boomerang (quivered)
Armour
 b - a +0 animal skin (worn)
Scrolls
 d - 2 scrolls of magic mapping
 l - a scroll of fog {unknown}
 m - a scroll of identify
 n - a scroll of enchant weapon {unknown}
Potions
 e - a potion of resistance {unknown}
 g - 2 potions of curing
 h - a potion of lignification
 i - a potion of might {unknown}


   Skills:
 + Level 5.5 Fighting
 * Level 1.6 Long Blades
 - Level 4.6 Axes
 + Level 3.8 Dodging
 + Level 0.6 Stealth


You had 5 spell levels left.
You didn't know any spells.
Your spell library was empty.

Dungeon Overview and Level Annotations

Branches:
Dungeon (5/15)
 Temple: D:4-7

Altars:


Innate Abilities, Weirdness & Mutations

You are too large for most types of armour.
You have tough skin. (AC +1)


Message History

Throw: boomerang
Press: ? - help, Q - select action, (/) - cycle Shift-Dir - straight line, f/p - jelly
Aim: a jelly (89% to hit)
You throw a boomerang. The boomerang hits the jelly!
The jelly is heavily wounded.
Throw: boomerang
Press: ? - help, Q - select action, (/) - cycle Shift-Dir - straight line, f/p - jelly
Aim: a jelly (heavily wounded, 89% to hit)
You throw a boomerang. The boomerang barely misses the jelly.
The jelly completely misses you.
You hit the jelly. The acid corrodes you!
Your hands burn!
The jelly is severely wounded.
The jelly barely misses you. The jelly closely misses you.
You hit the jelly but do no damage.
Your hands burn!
The jelly is severely wounded.
The jelly barely misses you.
You hit the jelly.
Your hands burn!
The jelly is almost dead.
The jelly misses you.
You completely miss the jelly.
The jelly is almost dead.
The jelly hits you. The acid corrodes you!
You are splashed with acid!
* * * LOW HITPOINT WARNING * * *
You hit the jelly. The acid corrodes you!
Your hands burn!
* * * LOW HITPOINT WARNING * * *
The jelly is almost dead.
The jelly hits you.
* * * LOW HITPOINT WARNING * * *
You are splashed with acid!
* * * LOW HITPOINT WARNING * * *
Throw: boomerang
Press: ? - help, Q - select action, (/) - cycle Shift-Dir - straight line, f/p - jelly
Aim: a jelly (almost dead, 89% to hit)
You throw a boomerang.
The boomerang hits the jelly but does no damage.
The jelly is almost dead.
The jelly barely misses you. The jelly hits you.
* * * LOW HITPOINT WARNING * * *
The acid corrodes you!
You are splashed with acid!
You die...

#................#.####.#
##.#####..................
.....##..........#.######
#...#..........#.......
#.#.#.............#####
#..............#.## .
#..#...........#.# .#
#....))##.....##.# .#
#..#.##@##...#..... ..
#.##.##J# ...##.#.#.. #.
#..#...>......... #:
##....##.### .. ....# ..
##...# #.. ..... .....
..#####


You could see a jelly.

Vanquished Creatures
  A howler monkey (D:5)
  An orc priest (D:4)
  An iguana (D:4)
  An orc wizard (D:4)
  4 adders
  3 gnolls (D:5)
  An adder skeleton (D:3)
  A worm (D:2)
  2 dart slugs (D:1)
  7 orcs
  3 ball pythons
  8 endoplasms
  2 giant cockroaches
  6 goblins
  3 hobgoblins
  2 jackals (D:4)
  2 bats
  A frilled lizard (D:2)
  8 kobolds
  2 rats
59 creatures vanquished.

Notes
Turn   | Place    | Note
-------+----------+-------------------------------------------
     0 | D:1      | Mickster the Ogre Berserker began the quest for the Orb.
     0 | D:1      | Reached XP level 1. HP: 24/24 MP: 1/1
   261 | D:1      | Reached XP level 2. HP: 31/32 MP: 2/2
   934 | D:1      | You fall into a shaft and drop 1 floor!
   969 | D:2      | Reached XP level 3. HP: 19/40 MP: 3/3
  1436 | D:2      | Reached XP level 4. HP: 32/49 MP: 4/4
  1818 | D:3      | Reached ** piety under Trog
  1878 | D:3      | Reached skill level 5 in Fighting
  2175 | D:4      | Reached XP level 5. HP: 30/57 MP: 5/5
  2697 | D:5      | Entered Level 5 of the Dungeon
  2728 | D:5      | Reached skill level 1 in Long Blades
  2728 | D:5      | Reached XP level 6. HP: 66/66 MP: 6/6
  2836 | D:5      | HP: 2/66 [acid (9)]
  2837 | D:5      | Splashed by a jelly's acid

Illustrated notes

Levels and vault maps discovered:
D:1:      lordsloth_arrival_two_stooges, layout_basic
D:2:      layout_basic
D:3:      layout_rooms, serial_undead, serial_undead_b, serial_undead_d,
          serial_undead_e, serial_undead_a, uniq_terence
D:4:      layout_gridville, grunt_temple_overflow_open, uniq_robin
D:5:      layout_rooms, minmay_temple_entry_glass, serial_co_window_serial,
          co_window_corner_a, co_window_paths_a, co_window_paths_a,
          co_window_paths_b, co_window_corner_a, co_window_broadway_c,
          co_window_unsneaky_path_a, co_window_corner_b, co_window_broadway_b,
          co_window_cross_3, co_window_broadway_b, co_window_4corner_a,
          glass_columns_a, glass_columns_a, glass_columns_a, uniq_grinder,
          uniq_ijyb, uniq_eustachio, uniq_duvessa, uniq_menkaure

Skill      XL: |  1  2  3  4  5 |
---------------+----------------+-----
Dodging        | 3 |  3.8
Fighting       | 5 |  5.5
Axes           | 4 |  4.6
Long Blades    | 1 |  1.6
Stealth        | |  0.6

Action                     |  1- 3 |  4- 6 || total
---------------------------+-------+-------++-------
  Melee: Hand axe          |    99 |    53 ||   152
         Punch             |     1 |     2 ||     3
         Falchion          |       |    32 ||    32
  Throw: Boomerang         |       |     5 ||     5
 Invoke: Berserk           |       |     1 ||     1
         Trog's Hand       |       |     1 ||     1
    Use: Scroll            |     4 |     1 ||     5
         Potion            |     2 |     2 ||     4
 Armour: Animal skin       |    21 |    23 ||    44
         Skin              |       |     1 ||     1
  Dodge: Dodged            |    62 |    68 ||   130

Table legend: (Time is in decaauts)
 A = Elapsed time spent in this place.
 B = Non-inter-level travel time spent in this place.
 C = Inter-level travel time spent in this place.
 D = Time resting spent in this place.
 E = Time spent auto-exploring this place.
 F = Levels seen in this place.
 G = Mean time per level.
                   A        B        C        D        E       F      G
               +--------+--------+--------+--------+--------+-----+--------+
         Total |   2858 |   2782 |     76 |   1096 |      0 |   5 |  571.6 |
       Dungeon |   2858 |   2782 |     76 |   1096 |      0 |   5 |  571.6 |
               +--------+--------+--------+--------+--------+-----+--------+

Top non-repeatable levels by time:
     D:1: 940 daAuts
     D:2: 862 daAuts
     D:4: 587 daAuts
     D:3: 323 daAuts
     D:5: 144 daAuts
